 Dungeon Crawl Stone Soup version 0.27-a0-46-g34d46f0a3f (webtiles) character file.

Game seed: 16771259605127866091

4050 Borgoz the Carver (level 10, 0/100 (106) HPs)
             Began as a Halfling Gladiator on Jan 6, 2021.
             Was a Follower of Ashenzari.
             Slain by a freezing wraith (5 damage)
             ... on level 7 of the Dungeon.
             The game lasted 00:14:02 (9283 turns).

Borgoz the Carver (Halfling Gladiator)              Turns: 9283, Time: 00:14:03

HP:   0/100 (106)   AC: 25    Str: 17    XL:     10   Next: 48%
MP:   13/13         EV:  3    Int:  6    God:    Ashenzari [*.....]
Gold: 703           SH:  0    Dex: 18    Spells: 10/13 levels left

rFire    + . .     SeeInvis .   a - +3 scimitar
rCold    . . .     Faith    .   (shield restricted)
rNeg     + + +     Spirit   .   (armour currently unavailable)
rPois    +         Reflect  .   (helmet currently unavailable)
rElec    .         Harm     .   (cloak currently unavailable)
rCorr    .         Rampage  .   (gloves currently unavailable)
Will     .....     NoTele   +   (boots currently unavailable)
Stlth    +++.......             (no amulet)
HPRegen  0.26/turn              m - ring of protection from fire
MPRegen  0.13/turn              w - ring of poison resistance

@: tree-form, slowed, drained, very slow
A: small, mutation resistance 1
a: Renounce Religion, Curse Item, Scrying


You were on level 7 of the Dungeon.
You worshipped Ashenzari.
Ashenzari was aware of your devotion.
You were a tree.
You visited 2 branches of the dungeon, and saw 8 of its levels.
You also visited: Sewer and Ossuary.

You collected 703 gold pieces.

Inventory:

Hand Weapons
 a - a +3 scimitar (weapon)
 b - a +5 short sword
 F - a +1 short sword of speed
Missiles
 q - a throwing net (quivered)
Armour
 d - a +1 cloak (melded)
 e - a +1 pair of boots (melded)
 p - the cursed +0 helmet of Uskayaw's Inspiration (melded) {rPois Will+}
   (You took it off Robin on level 2 of the Dungeon)

   It protects you from poison.
   It affects your willpower, your defense against some magical effects.
   It has a curse placed upon it.
 u - a +0 ring mail (melded)
Jewellery
 c - an uncursed ring of resist corrosion
 m - a ring of protection from fire (left branch)
 v - an uncursed ring of protection from fire
 w - a ring of poison resistance (right branch)
Wands
 g - a wand of enslavement (6)
Scrolls
 f - 4 scrolls of remove curse
 h - 4 scrolls of fear
 k - 3 scrolls of teleportation
 l - a scroll of enchant armour
 n - a scroll of fog
 o - 2 scrolls of magic mapping
 y - 5 scrolls of amnesia
Potions
 i - 4 potions of heal wounds
 r - a potion of berserk rage {unknown}
 s - 3 potions of flight
 t - 5 potions of curing
 x - a potion of brilliance
 z - a potion of lignification
 A - 2 potions of cancellation
 B - 3 potions of haste
 C - a potion of mutation
 E - a potion of invisibility {unknown}


   Skills:
 + Level 7.1 Fighting
 + Level 8.1 Long Blades
 - Level 2.0 Throwing
 + Level 5.8 Armour
 + Level 7.0 Dodging
 - Level 5.0 Stealth
 + Level 2.0 Spellcasting
 + Level 2.2 Hexes


You had 10 spell levels left.
You knew the following spells:

 Your Spells              Type           Power        Failure   Level
a - Confusing Touch       Hex            3%           45%         3

Your spell library contained the following spells:

 Spells                   Type           Power        Failure   Level
 Beastly Appendage        Tmut           0%           38%         1
 Wereblood                Tmut           0%           52%         2
 Gell's Gravitas          Tloc           0%           77%         3
 Spider Form              Tmut/Pois      0%           77%         3
 Ice Form                 Ice/Tmut       0%           99%         4
 Petrify                  Tmut/Erth      0%           99%         4
 Blade Hands              Tmut           0%           100%        5
 Metabolic Englaciation   Hex/Ice        0%           100%        5
 Yara's Violent Unravell  Hex/Tmut       0%           100%        5


Dungeon Overview and Level Annotations

Branches:
Dungeon (7/15)             Temple (1/1) D:4           Sewer (visited)
Ossuary (visited)

Altars:
Ashenzari
Cheibriados
Dithmenos
Elyvilon
Hepliaklqana
Kikubaaqudgha
Makhleb
Nemelex Xobeh
Okawaru
Qazlal
Ru
Sif Muna
Trog
Uskayaw
Vehumet
Wu Jian
Xom
Yredelemnul
The Shining One

Shops:
D:7 }

Annotations:
D:5 exclusion: statue
D:7 3 runed translucent doors


Innate Abilities, Weirdness & Mutations

You are small and have problems with some larger weapons.
You are somewhat resistant to further mutation.


Message History

The freezing wraith hits you but does no damage. x2
You slash the freezing wraith!
The freezing wraith is heavily damaged.
The freezing wraith hits you! The freezing wraith freezes you!!
The freezing wraith hits you!
* * * LOW HITPOINT WARNING * * *
The freezing wraith drains your vigour!
You feel as though you will be slow longer.
The freezing wraith hits you but does no damage. x2
You hit the freezing wraith.
The freezing wraith is heavily damaged.
The freezing wraith hits you but does no damage. x2
You closely miss the freezing wraith.
The freezing wraith is heavily damaged.
The freezing wraith hits you!
* * * LOW HITPOINT WARNING * * *
The freezing wraith freezes you!
* * * LOW HITPOINT WARNING * * *
The freezing wraith hits you.
You die...

.......######............# ##
#........................# #
#.###......###(.#######.#########
#.# #.####...##.## ###..........
#.###.# ###.....# #........####
....#.# ####...####.........# #
....#.# #.W###....#.........# #
<...#.# #[cFT####...###...#..<#
....#.# #CDW♣.###...###.#####
......# #.s###..###...#...[..
......# #..####.#...###....####
....#.# #####..##.#...###...#..
#####.# ###....##.#.#...###.#.# #
#.# ##.#.#.###.#.#.#.....# #
#.####)#.#.#.##.#.#...###.#
#####.#..).......##.#...####..#
......####)#)#.#.##...#####.#.#


You could see a cyclops, a freezing wraith, a troll, a phantom, a steam dragon,
a bullfrog, a centaur and a scorpion.

Vanquished Creatures
  Harold (D:7)
  Grinder (D:5)
  A slime creature (D:6)
  Sigmund (D:5)
  Edmund (D:5)
  2 water moccasins
  2 ogres
  A phantom (D:7)
  3 centaurs (D:5)
  2 big kobolds
  4 scorpions
  2 howler monkeys
  5 wights (D:7)
  A quasit (D:7)
  3 bullfrog zombies
  A bullfrog skeleton (D:4)
  6 orc wizards
  A centaur skeleton (D:6)
  An orc priest (D:4)
  3 hounds
  A human zombie (D:7)
  5 jellies
  Crazy Yiuf (D:2)
  Jessica (D:3)
  Ijyb (D:5)
  Natasha (thrice) (D:2)
  4 worker ants
  A big kobold zombie (Ossuary)
  A hound skeleton (D:4)
  8 mummies (Ossuary)
  Robin (D:2)
  3 adders
  5 gnolls
  2 river rats (Sewer)
  2 shadow imps
  3 white imps
  An ufetubus (D:5)
  16 oozes
  4 worms
  4 dart slugs
  5 leopard geckos
  15 orcs
  5 ball pythons
  7 bats
  4 giant cockroaches
  A gnoll zombie (Ossuary)
  20 goblins
  16 hobgoblins
  8 jackals
  11 kobolds
  5 quokkas
  8 frilled lizards
  3 goblin zombies (D:7)
  4 hobgoblin zombies
  A jackal skeleton (D:5)
  A jackal zombie (D:5)
  3 kobold skeletons (D:7)
  2 kobold zombies (D:7)
  An orc skeleton (D:7)
  5 orc zombies
  13 rats
247 creatures vanquished.

Vanquished Creatures (others)
  8 fungi (D:6)
8 creatures vanquished.

Grand Total: 255 creatures vanquished

Notes
Turn   | Place    | Note
-------+----------+-------------------------------------------
     0 | D:1      | Borgoz the Halfling Gladiator began the quest for the Orb.
     0 | D:1      | Reached XP level 1. HP: 14/14 MP: 1/1
   205 | D:1      | Reached XP level 2. HP: 19/19 MP: 2/2
   424 | D:1      | Reached skill level 1 in Stealth
   424 | D:1      | Reached XP level 3. HP: 11/24 MP: 3/3
   935 | D:1      | Reached skill level 1 in Armour
  1048 | D:1      | Reached XP level 4. HP: 22/30 MP: 4/4
  1189 | D:2      | Found an ancient bone altar of Kikubaaqudgha.
  1236 | D:2      | Noticed Natasha
  1251 | D:2      | Killed Natasha
  1358 | D:2      | Found a burning altar of Makhleb.
  1358 | D:2      | Found a shimmering altar of Xom.
  1377 | D:2      | Reached XP level 5. HP: 35/35 MP: 5/5
  1474 | D:2      | Noticed Natasha
  1483 | D:2      | Killed Natasha
  1502 | D:2      | Noticed Natasha
  1513 | D:2      | Killed Natasha
  1514 | D:2      | Reached skill level 4 in Long Blades
  1861 | D:2      | Found a runed translucent door.
  1862 | D:2      | Noticed Crazy Yiuf
  1995 | D:2      | Found a broken altar of Ashenzari.
  1998 | D:2      | Found a basalt altar of Yredelemnul.
  2004 | D:2      | Became a worshipper of Ashenzari the Shackled
  2087 | D:2      | Killed Crazy Yiuf
  2088 | D:2      | Reached XP level 6. HP: 25/42 MP: 6/6
  2245 | D:3      | Found a glowing drain.
  2253 | D:3      | Identified the cursed +0 helmet of Uskayaw's Inspiration
                  | {rPois Will+}
  2253 | D:3      | Noticed Robin
  2489 | D:2      | Killed Robin
  2644 | Sewer    | Entered a sewer
  3001 | Sewer    | Found a white marble altar of Elyvilon.
  3227 | D:3      | Found a broken altar of Ashenzari.
  3237 | D:3      | Reached XP level 7. HP: 36/46 MP: 7/7
  3780 | D:3      | Noticed Jessica
  3800 | D:3      | Killed Jessica
  4482 | D:4      | Reached skill level 5 in Long Blades
  4932 | D:4      | Found a staircase to the Ecumenical Temple.
  4955 | Temple   | Entered the Ecumenical Temple
  5109 | D:4      | Reached XP level 8. HP: 34/54 MP: 8/8
  5301 | D:5      | Entered Level 5 of the Dungeon
  5363 | D:5      | Noticed Ijyb
  5380 | D:5      | Reached skill level 5 in Dodging
  5442 | D:5      | Killed Ijyb
  5449 | D:5      | Reached skill level 5 in Fighting
  5449 | D:5      | Reached skill level 6 in Long Blades
  5466 | D:5      | Noticed Sigmund
  5581 | D:5      | Killed Sigmund
  5645 | D:5      | Reached XP level 9. HP: 53/61 MP: 9/9
  5798 | D:5      | Noticed Grinder
  5802 | D:5      | Paralysed by Grinder for 2 turns
  5840 | D:5      | Killed Grinder
  6154 | D:5      | Noticed Edmund
  6203 | D:5      | Killed Edmund
  6204 | D:5      | Reached skill level 5 in Stealth
  6343 | D:5      | Found a radiant altar of Vehumet.
  6502 | D:5      | Reached * piety under Ashenzari
  6519 | D:5      | Found a snail-covered altar of Cheibriados.
  6536 | D:5      | Found a hazy altar of Hepliaklqana.
  6586 | D:6      | Reached skill level 7 in Long Blades
  6679 | D:6      | Found a snail-covered altar of Cheibriados.
  7087 | D:6      | Noticed a slime creature
  7545 | D:6      | Killed a slime creature
  7891 | D:6      | Found a stormy altar of Qazlal.
  7891 | D:6      | Found a hide-covered altar of Uskayaw.
  7896 | D:6      | Learned a level 3 spell: Confusing Touch
  7936 | D:7      | Found Zoufy's Gadget Boutique.
  8010 | D:7      | Found a sand-covered staircase.
  8025 | D:7      | Reached skill level 5 in Armour
  8175 | D:7      | Noticed Harold
  8221 | D:7      | Killed Harold
  8222 | D:7      | Reached skill level 1 in Spellcasting
  8222 | D:7      | Reached skill level 1 in Hexes
  8222 | D:7      | Reached XP level 10. HP: 39/69 MP: 9/12
  8359 | Ossuary  | Entered an ossuary
  8877 | D:7      | Found a glowing golden altar of the Shining One.
  8901 | D:7      | Reached skill level 8 in Long Blades
  9004 | D:7      | Found a runed translucent door.
  9004 | D:7      | Found a runed translucent door.
  9004 | D:7      | Noticed a six-headed hydra
  9129 | D:7      | Found a runed translucent door.
  9259 | D:7      | Noticed a freezing wraith
  9268 | D:7      | Noticed a cyclops
  9283 | D:7      | HP: 5/100 [freezing wraith (17)]
  9283 | D:7      | Slain by a freezing wraith

Illustrated notes

Levels and vault maps discovered:
D:1:      dpeg_arrival_arbitrary_b, layout_basic, palyth_stone_intersect
D:2:      kennysheep_the_goblin_king, layout_rooms,
          gammafunk_temple_overflow_elements, minitemple,
          kiku_gazebo_garden_becter, uniq_natasha, uniq_crazy_yiuf_cottage
D:3:      minmay_thinvault, layout_rooms, cheibrodos_sewer_entry_sluice,
          grunt_ministairs_6, ashenzari_altar_1, uniq_robin, uniq_jessica
D:4:      layout_basic, minmay_temple_entry_trees, serial_corexii_hall,
          corexii_hall_statues_i, corexii_hall_statues_t, grunt_ministairs_4
D:5:      cheibrodos_fzero, layout_basic, kennysheep_mini_moat,
          general_overflow_altar, vehumet_statue, uniq_grinder, uniq_ijyb,
          uniq_edmund, uniq_sigmund
D:6:      lemuel_slime, layout_loops_ring, gammafunk_temple_overflow_wave,
          cheibrodos_worm_habitat
D:7:      minmay_the_grid_triangle_9x9_rhombus_thin
          [minmay_the_grid_triangle_9x9_zippers_vertical,
          minmay_the_grid_triangle_9x9_prize_schism,
          minmay_the_grid_triangle_9x9_fully_insulated_deathbox,
          minmay_the_grid_triangle_9x9_steps], layout_basic, serial_shops, shop,
          enter_ossuary_3, nicolae_tso_besieged_by_evil, uniq_harold
Temple:   nicolae_temple_figure_zero

Skill      XL: |  1  2  3  4  5  6  7  8  9 10 |
---------------+-------------------------------+-----
Fighting       | 2 3 4 5 6 7 |  7.1
Stealth        | 1 2 3 4 5 |  5.0
Armour         | 1 2 3 5 |  5.8
Long Blades    | 4 5 6 7 8 |  8.1
Dodging        | 4 5 6 7 |  7.0
Spellcasting   | 1 2 |  2.0
Hexes          | 1 2 |  2.2
Throwing       | |  2.0

Action                   |  1- 3 |  4- 6 |  7- 9 | 10-12 || total
-------------------------+-------+-------+-------+-------++-------
Melee: Long sword        |    76 |   190 |   425 |   172 ||   863
       Short sword       |       |    13 |   172 |    43 ||   228
       Scimitar          |       |       |       |     6 ||     6
Throw: Throwing net      |     1 |     2 |     5 |     3 ||    11
  Use: Potion            |       |     1 |    10 |     2 ||    13
       Scroll            |       |     7 |    11 |     4 ||    22
 Stab: Sleeping          |     2 |       |     5 |     2 ||     9
       Held in net/web   |     1 |       |     3 |       ||     4
       Distracted        |       |     1 |     2 |       ||     3
Armor: Leather armour    |    23 |    39 |       |       ||    62
       Ring mail         |       |     6 |   182 |    55 ||   243
       Skin              |       |       |     2 |    24 ||    26
Dodge: Dodged            |    77 |   268 |   392 |   216 ||   953
       Rpst.: Long sword |    26 |    72 |    97 |    41 ||   236

Table legend: (Time is in decaauts)
 A = Elapsed time spent in this place.
 B = Non-inter-level travel time spent in this place.
 C = Inter-level travel time spent in this place.
 D = Time resting spent in this place.
 E = Time spent auto-exploring this place.
 F = Levels seen in this place.
 G = Mean time per level.
                   A        B        C        D        E       F      G
               +--------+--------+--------+--------+--------+-----+--------+
         Total |   9329 |   9116 |    213 |   2217 |   4569 |  10 |  932.9 |
       Dungeon |   8211 |   8008 |    203 |   1755 |   4193 |   7 | 1173.0 |
        Temple |    117 |    107 |     10 |      0 |    107 |   1 |  117.0 |
         Sewer |    501 |    501 |      0 |    218 |    162 |   1 |  501.0 |
       Ossuary |    498 |    498 |      0 |    244 |    106 |   1 |  498.0 |
               +--------+--------+--------+--------+--------+-----+--------+

Top non-repeatable levels by time:
     D:2: 1399 daAuts
     D:3: 1329 daAuts
     D:6: 1293 daAuts
     D:5: 1258 daAuts
     D:1: 1144 daAuts
     D:4: 932 daAuts
     D:7: 853 daAuts
   Sewer: 501 daAuts
 Ossuary: 498 daAuts
  Temple: 117 daAuts
